 Dungeon Crawl Stone Soup version 0.18-a0-1347-gb9e2fb4 (webtiles) character file.

103 namelastname112 the Charlatan (level 4, 0/36 HPs)
             Began as a Draconian Artificer on Feb 17, 2016.
             Slain by an orc
             ... wielding a +0 club
              (5 damage)
             ... on level 3 of the Dungeon.
             The game lasted 00:04:22 (2759 turns).

namelastname112 the Charlatan (Draconian Artificer) Turns: 2759, Time: 00:04:22

Health: 0/36       AC:  5    Str: 14    XL:     4   Next: 51%
Magic:  7/7        EV: 12    Int: 12    God:
Gold:   185        SH:  0    Dex: 12    Spells: 0 memorised, 3 levels left

rFire  . . .     SeeInvis .     p - +0 spear
rCold  . . .     Gourm    .     (armour unavailable)
rNeg   . . .     Faith    .     (no shield)
rPois  .         Spirit   .     (helmet restricted)
rElec  .         Dismiss  .     (no cloak)
rCorr  .         Reflect  .     (no gloves)
SustAt .         Harm     .     (no boots)
MR     +....                    (no amulet)
Stlth  +.........               (no ring)
                                y - ring of protection from magic

@: somewhat resistant to hostile enchantments, very unstealthy
A: unfitting armour, cold-blooded, AC +5
a: no special abilities


You were on level 3 of the Dungeon.
You were not hungry.

You visited 1 branch of the dungeon, and saw 3 of its levels.

You collected 185 gold pieces.

Inventory:

Hand Weapons
 p - a +0 spear (weapon)
Jewellery
 y - a ring of protection from magic (left hand)
Wands
 b - a wand of flame (12/48)
 c - a wand of enslavement (12/24)
 d - a wand of random effects (15/48)
 t - a wand of teleportation (4/9)
Scrolls
 a - a scroll of remove curse
 e - a scroll of amnesia
 g - 3 scrolls of blinking {unknown}
 i - a scroll of magic mapping
 s - a scroll of identify
 u - a scroll of enchant weapon {unknown}
 v - a scroll of fog
 w - a scroll of fear {unknown}
 x - a scroll of enchant armour
Potions
 h - a potion of might
 k - 2 potions of haste {unknown}
 l - a potion of heal wounds {unknown}
 m - a potion of curing {unknown}
 n - a potion of degeneration {unknown}
 o - 2 potions of cancellation {unknown}
 r - a potion of ambrosia {unknown}
Comestibles
 f - 2 bread rations
 j - 6 fruits
 q - 2 meat rations


   Skills:
 + Level 2.1 Fighting
   Level 1.0 Short Blades
 * Level 1.6 Polearms
 + Level 2.4 Dodging
 - Level 0.8 Stealth
 * Level 4.2 Evocations


You had 3 spell levels left.
You didn't know any spells.

Dungeon Overview and Level Annotations

Branches:
Dungeon (3/15)

Altars:
Okawaru
Zin


Innate Abilities, Weirdness & Mutations

Your plain brown scales are hard (AC +5).
Your body does not fit into most forms of armour.
You are cold-blooded and may be slowed by cold attacks.


Message History

The orc closely misses you.
You closely miss the orc.
You tail-slap the orc, but do no damage.
The orc is heavily wounded.
The orc hits you with a club.
* * * LOW HITPOINT WARNING * * *
You closely miss the orc.
The orc is heavily wounded.
The orc hits you with a club.
* * * LOW HITPOINT WARNING * * *
You hit the orc but do no damage.
The orc is heavily wounded.
The orc barely misses you.
You hit the orc.
The orc is severely wounded.
The orc hits you but does no damage.
You hit the orc but do no damage.
The orc is severely wounded.
The orc hits you with a club.
You die...

#.......#.#.#.# #†#..
#.......#.#.#.# #.#..
####.......#.#.#.# #.'..
...........#.#.#.#
####.. #o......#.#.#.#
#.....
#.....#'###.#.#.###.####
#.###.#o# #.#.#.....# #.
#.#o###.#.#########.
#.#@#...#...........
#.#.#.########.#.###
#.#....)....#..#.#
#.###.#####.##.#.#
#.#...#.##.#+##
###.#.#.#.##....##
#.........>.....#.
#.#.#.###.###...#.
#.#...#.....+.. #.


You could see 2 orcs.

Vanquished Creatures
  5 adders
  An ooze (D:2)
  A worm (D:2)
  A giant gecko (D:2)
  3 giant cockroaches
  2 goblins
  5 hobgoblins
  2 jackals (D:3)
  8 kobolds
  A ball python (D:2)
  10 bats
  3 giant newts
  8 rats
50 creatures vanquished.

Vanquished Creatures (collateral kills)
  An adder (D:3)
1 creature vanquished.

Vanquished Creatures (others)
  An orc (D:3)
1 creature vanquished.

Grand Total: 52 creatures vanquished

Notes
Turn   | Place    | Note
--------------------------------------------------------------
     0 | D:1      | namelastname112 the Draconian Artificer began the quest for the Orb.
     0 | D:1      | Reached XP level 1. HP: 16/16 MP: 3/3
    53 | D:1      | Reached XP level 2. HP: 11/23 MP: 4/4
   756 | D:2      | Reached XP level 3. HP: 21/29 MP: 5/5
  1501 | D:2      | Reached skill level 1 in Polearms
  1525 | D:2      | Reached skill level 4 in Evocations
  1638 | D:2      | Noticed an angel
  1639 | D:2      | Found a glowing silver altar of Zin.
  1771 | D:3      | Reached XP level 4. HP: 7/36 MP: 7/7
  2319 | D:3      | Found an iron altar of Okawaru.
  2759 | D:3      | Slain by an orc

Vault maps used:
D:1:      dpeg_arrival_arbitrary_c, grunt_decor_cap
D:2:      zin_angel
D:3:      wad_lake_hut, lemuel_crystal_altar, nicolae_gozag_seed_capital,
          first_bread

Action                   |  1- 3 |  4- 6 || total
-------------------------+-------+-------++-------
Melee: Short sword       |    70 |       ||    70
       Spear             |   124 |    77 ||   201
Evoke: Wand              |     1 |     5 ||     6
  Use: Scroll            |     8 |       ||     8
 Stab: Sleeping          |     6 |     1 ||     7
  Eat: Chunk             |     1 |     1 ||     2
       Meat ration       |       |     1 ||     1
